 Dungeon Crawl Stone Soup version 0.18.1-8-gdd0e5ea (webtiles) character file.

9564 georgeearnest the Grappler (level 11, -9/107 HPs)
             Began as a Troll Monk on June 5, 2016.
             Mangled by a manticore (11 damage)
             ... on level 11 of the Dungeon.
             The game lasted 00:27:46 (10586 turns).

georgeearnest the Grappler (Troll Monk)            Turns: 10586, Time: 00:27:47

Health: -9/107     AC: 10    Str: 23 (26) XL:     11   Next: 24%
Magic:  10/10      EV: 14    Int:  5 (6)  God:    Xom [......]
Gold:   618        SH:  4    Dex: 12 (13) Spells: 0 memorised, 10 levels left

rFire  . . .     SeeInvis .       - Unarmed
rCold  . . .     Gourm    +     a - +0 robe
rNeg   . . .     Faith    .     (no shield)
rPois  .         Spirit   .     (helmet restricted)
rElec  .         Dismiss  .     y - +0 cloak (curse)
rCorr  .         Reflect  +     (gloves unavailable)
SustAt .         Harm     .     (boots unavailable)
MR     .....                    J - +4 amulet of reflection
Stlth  ++........               M - +4 ring of protection
                                m - +3 ring of strength

@: manticore barbs, not resistant to hostile enchantments, unstealthy
A: unfitting armour, claws 3, blink, blurry vision 1, clumsy 1, deterioration 1,
fast metabolism 3, gourmand, mutation resistance 1, regeneration 2, shaggy fur
1, strong 1, tough skin 2
a: Blink, Renounce Religion


You were on level 11 of the Dungeon.
You worshipped Xom.
You were a very special plaything of Xom.
You were very full.

You visited 1 branch of the dungeon, and saw 11 of its levels.
You visited the Abyss 1 time.

You collected 618 gold pieces.

Inventory:

Missiles
 l - 3 throwing nets (quivered)
Armour
 a - a +0 robe (worn)
 y - a cursed +0 cloak (worn)
Magical Staves
 A - an uncursed staff of earth
Jewellery
 g - an uncursed amulet of the gourmand
 m - a +3 ring of strength (left claw)
 q - an uncursed ring of stealth
 r - an uncursed ring of wizardry
 J - a +4 amulet of reflection (around neck)
 M - a +4 ring of protection (right claw)
 Q - a +4 ring of dexterity {unknown}
Wands
 x - a wand of flame (9/48)
 B - a wand of lightning (6/15)
 E - a wand of paralysis (9/24)
 K - a wand of polymorph (8/24)
 L - a wand of slowing (24/48)
 N - a wand of flame (40/48)
 R - a wand of slowing (15/48)
Scrolls
 c - 3 scrolls of enchant armour {unknown}
 e - 3 scrolls of amnesia {unknown}
 h - 2 scrolls of recharging {unknown}
 i - 12 scrolls of identify {unknown}
 k - 3 scrolls of teleportation {unknown}
 o - 3 scrolls of magic mapping {unknown}
 p - 6 scrolls of random uselessness {unknown}
 s - 4 scrolls of remove curse {unknown}
 w - a scroll of blinking {unknown}
 C - a scroll of noise {unknown}
Potions
 f - 3 potions of flight
 j - 4 potions of lignification
 u - a potion of haste {unknown}
 v - a potion of magic
 F - a potion of invisibility
 O - a potion of ambrosia {unknown}
 P - a potion of cure mutation {unknown}
Books
 D - a book of the Warp

   Spells                             Type                      Level
   a - Recall                         Summoning/Translocation      3
   b - Gell's Gravitas                Hexes/Translocation          3
   c - Force Lance                    Conjuration/Translocation    4
   d - Warp Weapon                    Charms/Translocation         5
   e - Summon Forest                  Summoning/Translocation      5
Miscellaneous
 I - a sack of spiders
Comestibles
 b - 5 bread rations
 d - 36 fruits
 n - 4 meat rations
 z - 2 slices of pizza


   Skills:
 + Level 6.9 Fighting
 + Level 9.4 Dodging
 + Level 5.4 Stealth
 + Level 9.9 Unarmed Combat


You had 10 spell levels left.
You didn't know any spells.

Dungeon Overview and Level Annotations

Branches:
Dungeon (11/15)            Temple (0/1) D:6            Lair (0/8) D:11
    Orc: D:9-12

Altars:
Fedhas
Gozag
Makhleb
Okawaru
Pakellas
Qazlal
Ru
Vehumet
Xom
Yredelemnul
The Shining One

Shops:
D:6 *   D:8 *

Annotations:
D:6 exclusion: statue
D:10 exclusion: 2 statues


Innate Abilities, Weirdness & Mutations

You are too large for most types of armour.
You have claws for hands.
Your metabolism is lightning-fast.
You like to eat raw meat.
You heal very quickly.
You are covered in fur (AC +1).
You have very tough skin (AC +2).
You can translocate small distances at will.
Scrolls take you a little longer to read.
You are clumsy. (Dex -2)
Your body sometimes deteriorates upon taking damage.
You are somewhat resistant to further mutation.
Your muscles are strong. (Str +2)


Message History

Drink which item? (? for menu, Esc to quit)
It was a potion of beneficial mutation.
You feel stronger.
You feel fantastic!
Xom roars with laughter!
Something bites you!
Your body deteriorates!
You feel weakened. Something claws you!
* * * LOW HITPOINT WARNING * * *
Something claws you but does no damage.
Drink which item? (? for menu, Esc to quit)
It was a potion of degeneration.
There was something very wrong with that liquid.
You feel weakened.
You feel dopey.
You feel clumsy. Something bites you!!
* * * LOW HITPOINT WARNING * * *
Something claws you.
* * * LOW HITPOINT WARNING * * *
Something claws you!
You die...

#.........# ...
#.........#
...###########.........#
#......................
#.......)......<.......
#......................
#......................
#..........##..###.....
#.....@....###.# #..###
#..........# #.# #..#
#..........# #># #..#
#..........# ### #..#
#..........# #..#..
.......####.# #..#..
...#### #.# ####..#..
... .. ......#..
.......#..


There were no monsters in sight!

Vanquished Creatures
  The ghost of deorigin the Cruncher, a novice DsGl of Okawaru (D:9)
  A hill giant (D:11)
  2 deep elf magi (D:11)
  2 ugly things (D:10)
  Joseph (D:10)
  The ghost of manyhoops the Cudgeler, an amateur OgBe of Trog (D:3)
  A fire bat (D:6)
  3 hippogriffs
  A hungry ghost (D:10)
  Eustachio (D:6)
  2 water moccasins
  3 ice beasts
  A swamp drake (D:11)
  A black bear (D:8)
  A wasp (D:10)
  2 phantoms (D:5)
  5 orc warriors
  3 sky beasts
  5 ogres
  8 centaurs
  4 big kobolds (D:8)
  3 giant frogs
  A gnoll sergeant (D:6)
  A wyvern skeleton (D:11)
  3 scorpions
  9 wights
  5 howler monkeys
  A centaur zombie (D:7)
  5 crimson imps
  A giant frog zombie (D:10)
  7 hounds
  A centaur skeleton (D:6)
  A gnoll shaman (D:6)
  11 orc priests
  3 jellies
  An iron imp (D:11)
  2 giant frog skeletons
  4 iguanas
  13 orc wizards
  2 worker ants
  Ijyb (D:2)
  A worker ant zombie (D:7)
  13 adders
  7 gnolls
  A howler monkey skeleton (D:4)
  A shadow imp (D:11)
  A white imp (D:11)
  3 oozes
  4 adder zombies
  An adder skeleton (D:10)
  2 worms
  3 dart slugs
  5 giant geckos
  64 orcs
  6 giant cockroaches
  8 goblins (D:1)
  9 hobgoblins
  4 jackals (D:5)
  3 quokkas
  2 ball pythons
  3 bats
  6 giant newts
  11 kobolds
  A quokka skeleton (D:5)
  4 rats
287 creatures vanquished.

Vanquished Creatures (collateral kills)
  An adder (D:10)
  An orc (D:5)
2 creatures vanquished.

Vanquished Creatures (others)
  An iguana (D:4)
  An orc wizard (D:4)
  2 worker ants (D:4)
  4 gnolls (D:4)
  A bat (D:1)
9 creatures vanquished.

Grand Total: 298 creatures vanquished

Notes
Turn   | Place    | Note
--------------------------------------------------------------
     0 | D:1      | georgeearnest the Troll Monk began the quest for the Orb.
     0 | D:1      | Reached XP level 1. HP: 22/22 MP: 0/0
   110 | D:1      | Reached XP level 2. HP: 29/29 MP: 1/1
   570 | D:1      | Reached XP level 3. HP: 34/36 MP: 2/2
   959 | D:2      | Noticed Ijyb
   967 | D:2      | Killed Ijyb
   967 | D:2      | Reached XP level 4. HP: 40/45 MP: 3/3
  1979 | D:3      | Noticed manyhoops's ghost (amateur OgBe)
  2001 | D:3      | Killed manyhoops's ghost
  2001 | D:3      | Reached skill level 5 in Unarmed Combat
  2001 | D:3      | Reached XP level 5. HP: 18/53 MP: 4/4
  2001 | D:3      | Reached XP level 6. HP: 20/61 MP: 5/5
  2802 | D:4      | Reached XP level 7. HP: 57/68 MP: 6/6
  2842 | D:4      | Found a stormy altar of Qazlal.
  3158 | D:4      | Found a shimmering altar of Xom.
  3239 | D:4      | Found a sacrificial altar of Ru.
  3546 | D:4      | Became a worshipper of Xom of Chaos
  3595 | D:5      | Entered Level 5 of the Dungeon
  3608 | D:5      | XOM: potion effect (might)
  3609 | D:5      | XOM: enchant monster (good)
  3627 | D:5      | XOM: cast spell 'Leda's Liquefaction'
  3629 | D:5      | XOM: confuse monster(s)
  3633 | D:5      | XOM: mild Hex miscast
  3635 | D:5      | XOM: harmless Chrm miscast
  3713 | D:5      | XOM: noise
  3828 | D:5      | Reached skill level 5 in Dodging
  3828 | D:5      | Reached XP level 8. HP: 73/79 MP: 7/7
  4033 | D:5      | XOM: summons 4 hostile shadow creatures
  4038 | D:5      | XOM: scenery: create altars
  4061 | D:5      | XOM: summons 3 friendly demons
  4124 | D:5      | XOM: torment (13/79 hp)
  4248 | D:5      | XOM: butterfly on damage
  5101 | D:5      | XOM: stat loss: -1 Int (5/6)
  5117 | D:6      | XOM: potion effect (might)
  5118 | D:6      | XOM: enchant monster (good)
  5126 | D:6      | XOM: fog
  5132 | D:6      | Reached skill level 5 in Fighting
  5156 | D:6      | XOM: cast spell 'Spider Form'
  5175 | D:6      | XOM: harmless Conj miscast
  5177 | D:6      | XOM: chaos cloud
  5216 | D:6      | XOM: 1-stop teleportation journey
  5232 | D:6      | Found a staircase to the Ecumenical Temple.
  5287 | D:6      | Noticed Eustachio
  5288 | D:6      | Found a radiant altar of Vehumet.
  5299 | D:6      | Reached XP level 9. HP: 82/88 MP: 8/8
  5370 | D:6      | XOM: cast spell 'Spider Form'
  5384 | D:6      | XOM: silly message
  5395 | D:6      | Killed Eustachio
  5454 | D:6      | Found Foas's Fabulous Fripperies.
  5500 | D:6      | XOM: polymorph ice beast -> fire bat
  5601 | D:6      | XOM: enchant monster (good)
  5751 | D:6      | XOM: colour smoke trail
  6025 | D:7      | Found a glowing golden altar of the Shining One.
  6025 | D:7      | Found an opulent altar of Gozag.
  6025 | D:7      | Found a basalt altar of Yredelemnul.
  6038 | D:7      | XOM: 3-stop teleportation journey
  6077 | D:7      | XOM: give mutations
  6077 | D:7      | Gained mutation: You are somewhat resistant to further mutation. [Xom's mischief]
  6077 | D:7      | Gained mutation: Your spells are a little harder to cast, but a little more powerful. [Xom's mischief]
  6077 | D:7      | Gained mutation: You are frail (-10% HP). [Xom's mischief]
  6167 | D:7      | XOM is BORED!
  6167 | D:7      | XOM: severe Summ miscast
  6167 | D:7      | Cast into level 1 of the Abyss (the severe capriciousness of Xom)
  6167 | D:7      | Escaped the Abyss
  6167 | D:7      | XOM: revert banishment
  6208 | D:7      | XOM: god gift: slice of pizza
  6240 | D:7      | XOM: god gift: rapier {god gift}
  6296 | D:7      | Found an iron altar of Okawaru.
  6755 | D:7      | XOM: confusion (+ monsters)
  7027 | D:8      | XOM: noise
  7134 | D:8      | XOM: mild Hex miscast
  7236 | D:8      | Found an oddly glowing altar of Pakellas.
  7254 | D:8      | Reached XP level 10. HP: 74/88 MP: 9/9
  7360 | D:8      | XOM: fog
  7436 | D:8      | Found a burning altar of Makhleb.
  7501 | D:8      | Found Voadduth's Assorted Antiques.
  7671 | D:8      | XOM: colour smoke trail
  7686 | D:8      | XOM: give mutations
  7686 | D:8      | Gained mutation: Your body sometimes deteriorates upon taking damage. [Xom's mischief]
  7686 | D:8      | Gained mutation: You can translocate small distances at will. [Xom's mischief]
  7686 | D:8      | Lost mutation: You are frail (-10% HP). [Xom's mischief]
  7686 | D:8      | Lost mutation: Your spells are a little harder to cast, but a little more powerful. [Xom's mischief]
  7690 | D:8      | XOM: harmless Pois miscast
  8329 | D:9      | XOM: 3-stop teleportation journey
  8382 | D:9      | Noticed deorigin's ghost (novice DsGl)
  8388 | D:9      | XOM: harmless Conj miscast
  8414 | D:9      | Killed deorigin's ghost
  8519 | D:9      | XOM: summons 5 hostile demons
  8558 | D:9      | XOM: stat loss: -1 Dex (14/15)
  8753 | D:9      | XOM: harmless Summ miscast
  8779 | D:10     | Entered Level 10 of the Dungeon
  8780 | D:10     | XOM: summons 10 friendly demons
  8806 | D:10     | Noticed Joseph
  8821 | D:10     | Killed Joseph
  8821 | D:10     | Reached skill level 5 in Stealth
  8995 | D:10     | XOM: medium Trmt miscast
  9048 | D:10     | Found a blossoming altar of Fedhas.
  9122 | D:10     | XOM: scenery: 1 doors open
  9247 | D:10     | Noticed an archer statue
  9283 | D:10     | Noticed a white ugly thing
  9310 | D:10     | Killed a white ugly thing
  9404 | D:10     | XOM: summons 3 hostile shadow creatures
  9433 | D:10     | Noticed an archer statue
  9589 | D:11     | XOM: blink monster(s)
  9632 | D:11     | XOM: summons 5 hostile demons
  9761 | D:11     | Noticed a deep elf mage
  9762 | D:11     | Noticed a deep elf mage
  9766 | D:11     | XOM: destruction
  9768 | D:11     | XOM: chaos upgrade
  9773 | D:11     | XOM: noise
  9775 | D:11     | XOM: blink monster(s)
  9788 | D:11     | XOM: potion effect (berserk rage)
  9792 | D:11     | XOM: potion effect (brilliance)
  9805 | D:11     | Killed a deep elf mage
  9827 | D:11     | Noticed a hill giant
  9830 | D:11     | XOM: silly message
  9850 | D:11     | XOM: medium Divn miscast
  9855 | D:11     | XOM: confusion (+ monsters)
  9858 | D:11     | XOM: blink monster(s)
  9864 | D:11     | Killed a deep elf mage
  9864 | D:11     | Reached XP level 11. HP: 7/107 MP: 4/10
  9955 | D:10     | XOM: give mutations
  9955 | D:10     | Gained mutation: You are clumsy. (Dex -2) [Xom's mischief]
  9955 | D:10     | Gained mutation: You are very clumsy. (Dex -4) [Xom's mischief]
  9955 | D:10     | Gained mutation: Scrolls take you a little longer to read. [Xom's mischief]
  9955 | D:10     | Lost mutation: You are very clumsy. (Dex -4) [Xom's mischief]
 10003 | D:10     | XOM: harmless Pois miscast
 10020 | D:10     | Noticed a purple ugly thing
 10028 | D:10     | Killed a purple ugly thing
 10089 | D:11     | Killed a hill giant
 10151 | D:11     | Noticed a rakshasa
 10158 | D:11     | XOM: confusion
 10161 | D:11     | XOM: scenery: create altars
 10323 | D:11     | XOM: divination: detect creatures
 10383 | D:11     | XOM: potion effect (brilliance)
 10404 | D:11     | XOM: divination: detect items
 10571 | D:11     | Found a staircase to the Lair.
 10581 | D:11     | XOM: enchant monster (bad)
 10585 | D:11     | Gained mutation: Your muscles are strong. (Str +2) [potion of beneficial mutation]
 10586 | D:11     | HP: 4/107 [something (19)]
 10586 | D:11     | Mangled by a manticore

Skill      XL: |  1  2  3  4  5  6  7  8  9 10 11 |
---------------+----------------------------------+-----
Fighting       | 3 4 5 6 |  6.9
Dodging        | 3 4 5 6 7 8 9 |  9.4
Unarmed Combat | 5 6 7 8 9 |  9.9
Stealth        | 2 3 4 5 |  5.4

Action                   |  1- 3 |  4- 6 |  7- 9 | 10-12 || total
-------------------------+-------+-------+-------+-------++-------
Melee: Unarmed           |    72 |   117 |   418 |   352 ||   959
       Punch             |       |     1 |    13 |    12 ||    26
  Use: Potion            |       |     5 |     2 |     5 ||    12
       Scroll            |       |       |       |     1 ||     1
 Stab: Sleeping          |       |     5 |    10 |     8 ||    23
       Invisible         |       |     2 |     3 |     4 ||     9
       Paralysed         |       |       |     1 |       ||     1
  Eat: Chunk             |    14 |     5 |    42 |    45 ||   106
       Meat ration       |       |     1 |       |     2 ||     3
Armor: Robe              |    34 |    38 |    92 |   105 ||   269
       Skin              |       |     4 |     1 |     1 ||     6
Dodge: Dodged            |    39 |    56 |   268 |   287 ||   650
Block: Other             |       |       |       |    36 ||    36
       Reflection        |       |       |       |     2 ||     2
